 Dungeon Crawl Stone Soup version 0.20.0-15-g7f486f2 (webtiles) character file.

362 Cqwertzu the Firebug (level 6, -1/41 HPs)
             Began as a Barachi Fire Elementalist on June 18, 2017.
             Slain by an orc
             ... wielding a +0 mace
              (7 damage)
             ... on level 3 of the Dungeon.
             The game lasted 00:16:40 (4584 turns).

Cqwertzu the Firebug (Barachi Fire Elementalist)    Turns: 4584, Time: 00:16:41

Health: -1/41      AC:  2    Str:  9    XL:     6   Next: 66%
Magic:  5/12       EV: 12    Int: 18    God:
Gold:   221        SH:  0    Dex: 12    Spells: 4/13 levels left

rFire    . . .     SeeInvis .   g - +5 dagger (speed)
rCold    . . .     Gourm    .   (no shield)
rNeg     . . .     Faith    .   a - +0 robe
rPois    .         Spirit   .   (no helmet)
rElec    .         Reflect  .   (no cloak)
rCorr    .         Harm     .   (no gloves)
MR       .....                  (no boots)
Stlth    ++........             (no amulet)
Regen    0.2/turn               (no ring)
MPRegen  0.2/turn               (no ring)

@: can't hop, slow
A: +LOS, swims, slowness 1, strong legs 1
a: Hop


You were on level 3 of the Dungeon.
You were hungry.

You visited 1 branch of the dungeon, and saw 4 of its levels.

You collected 221 gold pieces.

Inventory:

Hand Weapons
 g - a +5 dagger of speed (weapon)
 p - a +0 trident of venom
Armour
 a - a +0 robe (worn)
Scrolls
 j - 3 scrolls of blinking
Potions
 e - 3 potions of brilliance
 f - 3 potions of curing
 l - a potion of mutation {unknown}
 n - 2 potions of flight {unknown}
Books
 b - a book of Flames

   Spells                             Type                      Level
   a - Flame Tongue                   Conjuration/Fire             1
   b - Throw Flame                    Conjuration/Fire             2
   c - Conjure Flame                  Conjuration/Fire             3
   d - Inner Flame                    Hexes/Fire                   3
   e - Sticky Flame                   Conjuration/Fire             4
   f - Fireball                       Conjuration/Fire             5
 q - a book of Minor Magic

   Spells                             Type                      Level
   a - Magic Dart                     Conjuration                  1
   b - Blink                          Translocation                2
   c - Call Imp                       Summoning                    2
   d - Slow                           Hexes                        2
   e - Conjure Flame                  Conjuration/Fire             3
   f - Mephitic Cloud                 Conjuration/Poison/Air       3
Comestibles
 c - 3 bread rations
 d - 9 fruits
 h - 3 royal jellies
 m - a meat ration


   Skills:
 - Level 2.1 Dodging
 - Level 1.7 Stealth
 - Level 4.2 Spellcasting
 - Level 4.1 Conjurations
 + Level 5.3 Fire Magic


You had 4 spell levels left.
You knew the following spells:

 Your Spells              Type           Power        Failure   Level  Hunger
a - Flame Tongue          Conj/Fire      ###..        1%          1    None
b - Throw Flame           Conj/Fire      ###...       3%          2    ##.....
c - Conjure Flame         Conj/Fire      ###.....     6%          3    ###....
d - Inner Flame           Hex/Fire       ##......     14%         3    ###....


Dungeon Overview and Level Annotations

Branches:
Dungeon (4/15)
 Temple: D:4-7

Altars:
Ru
Xom

Annotations:
D:3 Pikel
D:4 Dowan, Duvessa


Innate Abilities, Weirdness & Mutations

Shadows flee at your approach. (+LOS)
You can swim through water.
You cover ground slowly.
You can hop short distances.


Message History

Confirm with . or Enter, or press ? or * to list all spells.
Aiming: Flame Tongue
Press: ? - help, Shift-Dir - straight line The flame tongue hits the slave.
You kill the slave!
That felt strangely unrewarding.
Casting: Flame Tongue
Confirm with . or Enter, or press ? or * to list all spells.
Aiming: Conjure Flame
Press: ? - help, Dir - move target cursor The fire ignites!
You see here a dagger.
Things that are here:
13 poisoned needles; an uncursed club; a blowgun You see here a poisoned needle.
The orc hits you with a mace!
* * * LOW HITPOINT WARNING * * *
You closely miss the orc. You barely miss the orc.
The orc hits you with a mace!
You die...

.....# #.#
.....####### #.#
..)........# #.#
###(######.###.#
#.....#......#
#.(##.#...#######
#.....#.#.##.(..#
#.....#......##(#
##..#.#####..#@.#
#...........#o##
##..#########<#
#....# ### #.##.#
#.##.# #....#
###..# #...#


You could see an orc.

Vanquished Creatures
  2 slaves
  The ghost of THUG4L1F3 the Covered, a weakling DgFi (D:3)
  A howler monkey (D:4)
  A hound (D:4)
  An orc priest (D:3)
  2 orc wizards (D:3)
  A worker ant (D:4)
  5 adders
  A dart slug (D:3)
  4 worms
  3 leopard geckos
  6 orcs (D:3)
  6 bats
  4 giant cockroaches
  8 goblins
  4 hobgoblins
  7 jackals
  3 quokkas
  2 ball pythons
  5 frilled lizards
  12 kobolds
  9 rats
88 creatures vanquished.

Notes
Turn   | Place    | Note
-------+----------+-------------------------------------------
     0 | D:1      | Cqwertzu the Barachi Fire Elementalist began the quest for the Orb.
     0 | D:1      | Reached XP level 1. HP: 13/13 MP: 3/3
   490 | D:1      | Reached XP level 2. HP: 19/19 MP: 0/5
   494 | D:1      | Reached skill level 4 in Fire Magic
   540 | D:1      | Learned a level 2 spell: Throw Flame
  1030 | D:2      | Reached XP level 3. HP: 24/24 MP: 3/6
  1035 | D:2      | Learned a level 3 spell: Conjure Flame
  1131 | D:2      | Found a shimmering altar of Xom.
  1514 | D:2      | Reached skill level 5 in Fire Magic
  2273 | D:3      | Reached XP level 4. HP: 26/30 MP: 7/7
  2345 | D:3      | Found a transporter.
  2481 | D:3      | Found a sacrificial altar of Ru.
  2612 | D:3      | Found a transporter.
  3049 | D:3      | Reached XP level 5. HP: 28/35 MP: 1/8
  3246 | D:3      | Noticed THUG4L1F3's ghost (weakling DgFi)
  3279 | D:3      | Killed THUG4L1F3's ghost
  3560 | D:3      | Reached XP level 6. HP: 25/41 MP: 1/10
  3727 | D:3      | Learned a level 3 spell: Inner Flame
  3946 | D:4      | Noticed Dowan
  3951 | D:4      | Noticed Duvessa
  4181 | D:4      | Noticed a slave
  4193 | D:4      | Killed a slave
  4194 | D:4      | Noticed Pikel
  4531 | D:4      | Noticed a slave
  4531 | D:4      | Noticed a slave
  4531 | D:4      | Noticed a slave
  4544 | D:3      | Killed a slave
  4584 | D:3      | Slain by an orc

Skill      XL: |  1  2  3  4  5  6 |
---------------+-------------------+-----
Fire Magic     | 4 5 |  5.3
Conjurations   | 3 4 |  4.1
Spellcasting   | 3 4 |  4.2
Dodging        | |  2.1
Stealth        | |  1.7

Action                   |  1- 3 |  4- 6 || total
-------------------------+-------+-------++-------
Melee: Unarmed           |    10 |       ||    10
       Dagger            |    50 |    65 ||   115
       Trident           |       |     4 ||     4
 Cast: Flame Tongue      |    21 |    63 ||    84
       Throw Flame       |    17 |    18 ||    35
       Conjure Flame     |       |     4 ||     4
 Abil: Hop               |     2 |     2 ||     4
  Use: Scroll            |     4 |     4 ||     8
 Stab: Sleeping          |     1 |       ||     1
  Eat: Chunk             |     5 |    10 ||    15
Armor: Robe              |     8 |    22 ||    30
Dodge: Dodged            |    43 |    52 ||    95
